 Dungeon Sprint DCSS version 0.25.1-2-g60ff931df9 (webtiles) character file.

Game seed: 11249947851742851854

2654 ytrimaz the Severer (level 9, -10/94 HPs)
             Began as a Minotaur Berserker on Sept 30, 2020.
             Was a High Priest of Trog.
             Mangled by Pikel
             ... wielding a +0 whip of electrocution
              (12 damage)
             ... while paralysed by a floating eye
             ... in the Dungeon (Sprint VII: "The Pits").
             The game lasted 00:02:36 (1014 turns).

ytrimaz the Severer (Minotaur Berserker)            Turns: 1014, Time: 00:02:36

Health: -10/94     AC: 19    Str: 25    XL:     9   Next: 36%
Magic:  8/8        EV:  2    Int:  4    God:    Trog [*****.]
Gold:   0          SH:  0    Dex: 10    Spells: 8/8 levels left

rFire    . . .     SeeInvis .   j - +2 hand axe
rCold    . . .     Gourm    .   (no shield)
rNeg     . . .     Faith    .   m - +2 plate armour
rPois    .         Spirit   .   b - +2 hat
rElec    .         Reflect  .   (no cloak)
rCorr    .         Harm     .   (no gloves)
MR       .....     NoTele   +   (no boots)
Stlth    ..........             (no amulet)
HPRegen  0.25/turn              (no ring)
MPRegen  0.11/turn              (no ring)

@: paralysed
A: retaliatory headbutt, horns 2
a: Berserk, Trog's Hand, Brothers in Arms, Renounce Religion


You were in the Dungeon.
You worshipped Trog.
Trog was extremely pleased with you.
You were hungry.

You visited 1 branch

Inventory:

Hand Weapons
 j - a +2 hand axe (weapon)
 n - a +0 vorpal hand axe
Armour
 b - a +2 hat (worn)
 m - a +2 plate armour (worn)
Scrolls
 i - a scroll of blinking
 k - 3 scrolls of remove curse
 l - a scroll of summoning
Potions
 a - 2 potions of invisibility
 d - 6 potions of curing
 e - 6 potions of heal wounds
 f - a potion of haste
 g - 4 potions of magic
 h - 3 potions of berserk rage
Comestibles
 c - 9 rations


   Skills:
 + Level 13.7 Fighting
 + Level 17.0 Axes
 * Level 12.7 Armour
 - Level 2.4 Dodging


You had 8 spell levels left.
You didn't know any spells.
Your spell library was empty.

Dungeon Overview and Level Annotations

Branches:
Dungeon (1/1)

Altars:
Ashenzari
Cheibriados
Dithmenos
Elyvilon
Fedhas
Gozag
Hepliaklqana
Kikubaaqudgha
Makhleb
Nemelex Xobeh
Okawaru
Qazlal
Ru
Sif Muna
Trog
Uskayaw
Vehumet
Wu Jian
Xom
Yredelemnul
Zin
The Shining One
Beogh
Jiyva
Lugonu

Annotations:
D Pikel


Innate Abilities, Weirdness & Mutations

You reflexively headbutt those who attack you in melee.
You have a pair of horns on your head.


Message History

You hit Pikel.
Pikel is severely wounded.
The floating eye gazes piercingly through you!
You suddenly lose the ability to move!
Pikel hits you with a +0 whip of electrocution.
* * * LOW HITPOINT WARNING * * *
You are electrocuted!
* * * LOW HITPOINT WARNING * * *
Pikel hits you but does no damage.
You are electrocuted!
* * * LOW HITPOINT WARNING * * *
The floating eye's stare focuses on you.
You are feeling hungry.
Pikel waves his whip at you.
Pikel hits you with a +0 whip of electrocution.
* * * LOW HITPOINT WARNING * * *
The floating eye gazes piercingly through you!
You shrug off the repeated paralysis!
Pikel cracks his whip.
Pikel hits you but does no damage.
You are electrocuted!
You die...

#.#.....#'###...<...#
#.#........##.......#
#.#........##.......#
#)###########.......#
#)).....#.. #########
#...#...#G# ####
#...#...#c#....#
#.##.##.#K#....#
#...#...#@'....+
#...#...#)#....#
#......('(# ...#
########### ###


You could see Pikel (fast), a centaur and a floating eye.

Vanquished Creatures
  Gastronok (D)
  A flayed ghost (D)
  A yaktaur (D)
  A flying skull (D)
  A slave (D)
  A big kobold (D)
  An orc priest (D)
  An orc wizard (D)
  A worker ant (D)
  A mummy (D)
  An adder (D)
  An adder skeleton (D)
  2 leopard geckos (D)
  3 orcs (D)
  A bat (D)
  A giant cockroach (D)
  3 jackals (D)
  A quokka (D)
  A ball python (D)
  A frilled lizard (D)
  A goblin (D)
  A quokka skeleton (D)
27 creatures vanquished.

Notes
Turn   | Place    | Note
-------+----------+-------------------------------------------
     0 | D        | ytrimaz the Minotaur Berserker began the quest for the Orb.
     0 | D        | Reached XP level 1. HP: 19/19 MP: 0/0
    41 | D        | Reached skill level 4 in Axes
    48 | D        | Reached ** piety under Trog
    53 | D        | Found a bloodstained altar of Trog.
    53 | D        | Found a shimmering blue altar of Sif Muna.
    53 | D        | Found a viscous altar of Jiyva.
    53 | D        | Found a hazy altar of Hepliaklqana.
    53 | D        | Found an opulent altar of Gozag.
    54 | D        | Found a glowing golden altar of the Shining One.
    54 | D        | Found a glowing silver altar of Zin.
    54 | D        | Found a basalt altar of Yredelemnul.
    54 | D        | Found a shimmering altar of Xom.
    54 | D        | Found an ornate altar of the Wu Jian Council.
    54 | D        | Found a sacrificial altar of Ru.
    54 | D        | Found a stormy altar of Qazlal.
    54 | D        | Found an iron altar of Okawaru.
    54 | D        | Found a sparkling altar of Nemelex Xobeh.
    54 | D        | Found a burning altar of Makhleb.
    54 | D        | Found a blossoming altar of Fedhas.
    54 | D        | Found a white marble altar of Elyvilon.
    54 | D        | Found a shadowy altar of Dithmenos.
    54 | D        | Found a snail-covered altar of Cheibriados.
    55 | D        | Found a radiant altar of Vehumet.
    55 | D        | Found a corrupted altar of Lugonu.
    55 | D        | Found a roughly hewn altar of Beogh.
    57 | D        | Found an ancient bone altar of Kikubaaqudgha.
    57 | D        | Found a hide-covered altar of Uskayaw.
    57 | D        | Found a shattered altar of Ashenzari.
   113 | D        | Reached XP level 2. HP: 27/28 MP: 1/1
   115 | D        | Reached *** piety under Trog
   120 | D        | Reached skill level 5 in Fighting
   120 | D        | Reached skill level 5 in Axes
   126 | D        | Reached **** piety under Trog
   126 | D        | Reached skill level 6 in Axes
   126 | D        | Reached XP level 3. HP: 25/37 MP: 2/2
   487 | D        | Noticed a flying skull
   495 | D        | Killed a flying skull
   495 | D        | Reached skill level 9 in Axes
   495 | D        | Reached XP level 4. HP: 45/49 MP: 3/3
   495 | D        | Reached XP level 5. HP: 52/56 MP: 4/4
   499 | D        | Reached skill level 10 in Axes
   502 | D        | Reached ***** piety under Trog
   502 | D        | Received a gift from Trog
   508 | D        | Reached XP level 6. HP: 45/63 MP: 5/5
   615 | D        | Reached skill level 11 in Axes
   617 | D        | Noticed a yaktaur
   628 | D        | Killed a yaktaur
   628 | D        | Reached skill level 10 in Fighting
   628 | D        | Reached skill level 12 in Axes
   628 | D        | Reached XP level 7. HP: 53/73 MP: 6/6
   718 | D        | Noticed a flayed ghost
   718 | D        | Noticed Gastronok
   734 | D        | Killed a flayed ghost
   734 | D        | Reached skill level 14 in Axes
   734 | D        | Reached skill level 10 in Armour
   734 | D        | Reached XP level 8. HP: 43/83 MP: 7/7
   746 | D        | Killed Gastronok
   746 | D        | Received a gift from Trog
   746 | D        | Reached skill level 17 in Axes
   746 | D        | Reached XP level 9. HP: 45/94 MP: 8/8
   999 | D        | Noticed Pikel
  1002 | D        | Paralysed by a floating eye for 3 turns
  1012 | D        | Paralysed by a floating eye for 4 turns
  1013 | D        | HP: 3/94 [Pikel/+0 whip of electrocution (10)]
  1014 | D        | Mangled by Pikel

Illustrated notes

Levels and vault maps discovered:
D:        pitsprint [storerooms_1, entrance_room_1, metal_vault_1, armoury_1,
          mini_pit_1, grid_room_1, main_hall_1, silver_pit, the_coven_3,
          the_vestibule_1, steel_vault_2, golden_pit, hallway_of_sentries,
          crystal_vault_4, iron_vault_3, final_vault]

Skill      XL: |  1  2  3  4  5  6  7  8 |
---------------+-------------------------+-----
Fighting       | 4 6 8 9 10 11 13 | 13.7
Axes           | 4 6 9 10 12 14 17 | 17.0
Armour         | 3 4 6 7 9 10 12 | 12.7
Dodging        | |  2.4

Action                   |  1- 3 |  4- 6 |  7- 9 || total
-------------------------+-------+-------+-------++-------
Melee: Hand axe          |    26 |    30 |    29 ||    85
       Headbutt          |     2 |     5 |     8 ||    15
Invok: Berserk           |       |       |     1 ||     1
  Eat: Chunk             |       |       |     1 ||     1
Armor: Animal skin       |     5 |       |       ||     5
       Plate armour      |     4 |    15 |    10 ||    29
Dodge: Dodged            |    21 |    10 |     4 ||    35
